 Dungeon Crawl Stone Soup version 0.20.0-3-g22ec75f (webtiles) character file.

12463 KiwiOfAdowableness the Arsonist (level 11, -3/54 HPs)
             Began as a Deep Elf Fire Elementalist on May 26, 2017.
             Was an Elder of Vehumet.
             Slain by an orc warrior
             ... wielding a +0 battleaxe
              (21 damage)
             ... on level 2 of the Orcish Mines.
             The game lasted 01:09:07 (13894 turns).

KiwiOfAdowableness the Arsonist (DEFE)             Turns: 13894, Time: 01:09:16

Health: -3/54      AC:  4    Str:  5    XL:     11   Next: 62%
Magic:  22/29      EV: 15    Int: 24    God:    Vehumet [****..]
Gold:   1419       SH:  0    Dex: 15    Spells: 11/34 levels left

rFire    . . .     SeeInvis +   y - +3 whip (elec)
rCold    . . .     Gourm    .   (no shield)
rNeg     . . .     Faith    .   K - +0 robe
rPois    .         Spirit   .   w - +1 helmet
rElec    .         Reflect  .   (no cloak)
rCorr    .         Harm     .   (no gloves)
MR       +....                  (no boots)
Stlth    +++.......             (no amulet)
Regen    0.2/turn               D - ring of see invisible
MPRegen  0.3/turn               (no ring)

@: very slightly contaminated
A: no striking features
a: Renounce Religion


You were on level 2 of the Orcish Mines.
You worshipped Vehumet.
Vehumet was greatly pleased with you.
You were not hungry.

You visited 3 branches of the dungeon, and saw 14 of its levels.
You also visited: Sewer.

You collected 1419 gold pieces.

Inventory:

Hand Weapons
 v - a +2 dagger of venom
 y - a +3 whip of electrocution (weapon)
Armour
 w - a +1 helmet (worn)
 K - a +0 robe (worn)
Jewellery
 o - an uncursed ring of ice
 D - a ring of see invisible (left hand)
 J - an uncursed amulet of guardian spirit
Scrolls
 d - a scroll of teleportation
 e - 3 scrolls of remove curse
 f - 2 scrolls of enchant armour
 q - 2 scrolls of random uselessness
 s - 2 scrolls of enchant weapon
 t - 3 scrolls of immolation
 u - 4 scrolls of recharging
 H - 5 scrolls of identify
Potions
 a - a potion of haste {unknown}
 g - 3 potions of agility
 h - a potion of ambrosia {unknown}
 j - 3 potions of resistance {unknown}
 m - 6 potions of flight
 n - 4 potions of heal wounds
 p - a potion of invisibility {unknown}
 r - a potion of brilliance {unknown}
 x - 3 potions of cancellation {unknown}
 z - 3 potions of degeneration {unknown}
 A - 9 potions of curing {unknown}
 B - a potion of might
 F - a potion of mutation {unknown}
Books
 G - a book of Power

   Spells                             Type                      Level
   a - Iskenderun's Battlesphere      Conjuration/Charms           5
   b - Venom Bolt                     Conjuration/Poison           5
   c - Bolt of Magma                  Conjuration/Fire/Earth       5
   d - Iron Shot                      Conjuration/Earth            6
   e - Orb of Destruction             Conjuration                  7
   f - Spellforged Servitor           Conjuration/Summoning        7
Comestibles
 b - a chunk of flesh
 c - 6 bread rations
 i - 22 fruits
 k - 3 royal jellies
 l - 3 meat rations


   Skills:
 - Level 5.4 Dodging
 - Level 4.1 Stealth
 + Level 12.4 Spellcasting
 - Level 10.2 Conjurations
 - Level 13.4 Fire Magic


You had 11 spell levels left.
You knew the following spells:

 Your Spells              Type           Power        Failure   Level  Hunger
a - Throw Flame           Conj/Fire      ######       1%          2    None
c - Conjure Flame         Conj/Fire      ######..     1%          3    None
d - Sticky Flame          Conj/Fire      ######..     1%          4    None
e - Iskenderun's Mystic   Conj           ######..     1%          4    None
f - Fireball              Conj/Fire      ######....   1%          5    ###....
g - Bolt of Magma         Conj/Fire/Erth ######....   1%          5    ###....


Dungeon Overview and Level Annotations

Branches:
Dungeon (11/15)            Temple (1/1) D:6             Orc (2/2) D:10
    Elf (0/3) Orc:2
   Lair: D:8-11

Altars:
Gozag
Sif Muna
Vehumet
Yredelemnul
The Shining One
Beogh

Annotations:
D:2 exclusion: door
D:8 Gastronok


Message History

* * * LOW HITPOINT WARNING * * *
You see here a bolt.
You see here a ring mail.
There is an open door, spattered with blood here.
Items here: ( ))) [[ †† There's something blocking the doorway.
You start resting.
Casting: Throw Flame
Confirm with . or Enter, or press ? or * to list all spells.
Aiming: Sticky Flame
Press: ? - help, Shift-Dir - straight line, f/p - orc warrior
Aim: an orc warrior, wielding an arbalest The sticky flame hits the orc warrior.
The orc warrior is lightly wounded.
The orc warrior is covered in liquid flames!
The orc warrior burns!
The orc warrior unwields an uncursed arbalest.
The orc warrior wields an uncursed battleaxe.
The orc warrior hits you with an uncursed battleaxe!!
You die...

#..........................
##.......#..................
#...........................
##..........................
#...........................
##.....#######..............
#......#..)..#..............
##.....#.._..#............(.
#.....#.).@.#..............
##....###o###..............
#.....8.)[8.....(......o..
#.........................
#.......).................
##.....#...............(...
#..........................
##.........................
##........................


You could see an orc warrior (burning).

Vanquished Creatures
  2 two-headed ogres
  The ghost of Glitchraptor the Cutter, a novice VSAs of Hepliaklqana (D:9)
  An unseen horror (D:9)
  The ghost of Sarmenti the Cleaver, a novice MiFi of Okawaru (D:7)
  A deep elf mage (D:9)
  An orc sorcerer (Orc:2)
  4 trolls
  Prince Ribbit (D:8)
  A hippogriff (D:9)
  A hungry ghost (D:8)
  6 yaks (D:10)
  A sky beast (D:8)
  4 ice beasts
  5 orc warriors
  3 phantoms
  A hornet zombie (D:9)
  2 black bears (D:7)
  9 ogres
  A necrophage (D:8)
  10 centaurs
  A crocodile (D:7)
  3 big kobolds
  2 bullfrogs (D:8)
  A wyvern skeleton (D:8)
  5 killer bees (D:7)
  7 electric eels
  2 howler monkeys
  2 crimson imps
  2 centaur zombies (D:5)
  A quasit (D:7)
  4 bullfrog zombies
  4 hounds
  17 orc priests
  3 centaur skeletons
  A jelly (D:6)
  21 orc wizards
  2 bullfrog skeletons
  2 iguanas
  Natasha (twice) (D:4)
  7 worker ants
  A killer bee zombie (D:6)
  2 hound zombies
  3 hound skeletons
  2 howler monkey zombies (D:5)
  2 worker ant zombies (D:5)
  Robin (D:3)
  17 adders
  8 river rats
  A shadow imp (D:7)
  An ooze (D:2)
  An adder skeleton (D:5)
  3 adder zombies (D:5)
  4 worms
  2 dart slugs
  4 leopard geckos
  68 orcs
  5 bats
  9 giant cockroaches
  8 hobgoblins
  12 jackals
  6 quokkas
  4 ball pythons (Sewer)
  A frilled lizard (D:2)
  17 goblins
  2 jackal skeletons
  2 jackal zombies (D:5)
  29 kobolds
  3 leopard gecko skeletons
  A quokka skeleton (D:6)
  A quokka zombie (D:5)
  25 rats
390 creatures vanquished.

Vanquished Creatures (others)
  9 fungi (D:2)
  6 toadstools (D:2)
15 creatures vanquished.

Grand Total: 405 creatures vanquished

Notes
Turn   | Place    | Note
-------+----------+-------------------------------------------
     0 | D:1      | KiwiOfAdowableness the Deep Elf Fire Elementalist began the quest for the Orb.
     0 | D:1      | Reached XP level 1. HP: 10/10 MP: 6/6
   334 | D:1      | Reached XP level 2. HP: 15/15 MP: 2/8
   939 | D:2      | Reached XP level 3. HP: 9/19 MP: 6/9
  1512 | D:2      | Learned a level 3 spell: Conjure Flame
  1887 | D:3      | Noticed an ogre
  1917 | D:3      | Killed an ogre
  1917 | D:3      | Reached skill level 5 in Spellcasting
  1917 | D:3      | Reached XP level 4. HP: 24/24 MP: 2/13
  1917 | D:3      | Reached XP level 5. HP: 28/28 MP: 2/15
  2036 | D:3      | Noticed Robin
  2747 | D:3      | Killed Robin
  2868 | D:3      | Found a deep blue altar of Sif Muna.
  3192 | D:4      | Noticed Natasha
  3202 | D:4      | Killed Natasha
  3332 | D:4      | Reached XP level 6. HP: 32/32 MP: 14/18
  3338 | D:4      | Learned a level 4 spell: Sticky Flame
  3341 | D:4      | Learned a level 2 spell: Throw Flame
  3373 | D:4      | Found a glowing drain.
  3386 | Sewer    | Entered a sewer
  3427 | Sewer    | Reached skill level 4 in Fire Magic
  3573 | Sewer    | Reached skill level 5 in Fire Magic
  4056 | D:4      | Reached XP level 7. HP: 29/36 MP: 11/19
  4201 | D:4      | Reached skill level 6 in Fire Magic
  4546 | D:4      | Noticed Natasha
  4549 | D:4      | Killed Natasha
  4631 | D:4      | Reached skill level 7 in Fire Magic
  4788 | D:5      | Entered Level 5 of the Dungeon
  4957 | D:5      | Learned a level 4 spell: Iskenderun's Mystic Blast
  5617 | D:5      | Reached skill level 5 in Conjurations
  5617 | D:5      | Reached XP level 8. HP: 36/41 MP: 14/21
  6448 | D:6      | Found a staircase to the Ecumenical Temple.
  6466 | Temple   | Entered the Ecumenical Temple
  6472 | Temple   | Became a worshipper of Vehumet
  7089 | D:6      | Reached XP level 9. HP: 14/45 MP: 19/22
  7097 | D:6      | Learned a level 5 spell: Fireball
  7103 | D:6      | Reached skill level 8 in Fire Magic
  7685 | D:7      | Noticed Sarmenti's ghost (novice MiFi)
  7761 | D:7      | Reached * piety under Vehumet
  7761 | D:7      | Offered knowledge of Sandblast by Vehumet.
  8329 | D:6      | Reached skill level 10 in Spellcasting
  8498 | D:7      | Killed Sarmenti's ghost
  8498 | D:7      | Reached skill level 5 in Dodging
  9469 | D:8      | Noticed Gastronok
  9521 | D:8      | Reached skill level 9 in Fire Magic
  9745 | D:8      | Reached XP level 10. HP: 50/50 MP: 14/26
  9806 | D:8      | Noticed Prince Ribbit
  9812 | D:8      | Killed Prince Ribbit
 10007 | D:8      | Learned a level 5 spell: Bolt of Magma
 10099 | D:8      | Reached skill level 10 in Fire Magic
 10315 | D:8      | Reached ** piety under Vehumet
 10401 | D:9      | Offered knowledge of Sting by Vehumet.
 10504 | D:9      | Noticed a deep elf mage
 10541 | D:9      | Noticed an unseen horror
 10552 | D:9      | Killed an unseen horror
 10552 | D:9      | Reached skill level 11 in Fire Magic
 10652 | D:9      | Noticed Glitchraptor's ghost (novice VSAs)
 10690 | D:9      | Killed a deep elf mage
 10818 | D:9      | Killed Glitchraptor's ghost
 10818 | D:9      | Reached skill level 12 in Fire Magic
 11210 | D:9      | Noticed a two-headed ogre
 11213 | D:9      | Killed a two-headed ogre
 11406 | D:9      | Offered knowledge of Ignite Poison by Vehumet.
 11647 | D:10     | Entered Level 10 of the Dungeon
 11649 | D:10     | Reached skill level 13 in Fire Magic
 11649 | D:10     | Reached XP level 11. HP: 54/54 MP: 20/27
 11901 | D:10     | Reached *** piety under Vehumet
 12160 | D:10     | Offered knowledge of Mephitic Cloud by Vehumet.
 12345 | D:10     | Found a staircase to the Orcish Mines.
 12613 | D:10     | Noticed a two-headed ogre
 12626 | D:10     | Killed a two-headed ogre
 12626 | D:10     | Reached skill level 10 in Conjurations
 12986 | D:11     | Noticed a brown ugly thing
 13029 | D:11     | Reached **** piety under Vehumet
 13085 | Orc:1    | Entered Level 1 of the Orcish Mines
 13199 | Orc:1    | Offered knowledge of Bolt of Draining by Vehumet.
 13408 | Orc:2    | Entered Level 2 of the Orcish Mines
 13408 | Orc:2    | Found a staircase to the Elven Halls.
 13408 | Orc:2    | Noticed an orc sorcerer
 13411 | Orc:2    | Killed an orc sorcerer
 13592 | Orc:2    | Found a roughly hewn altar of Beogh.
 13868 | Orc:2    | Noticed an orc sorcerer
 13894 | Orc:2    | Slain by an orc warrior

Skill      XL: |  1  2  3  4  5  6  7  8  9 10 11 |
---------------+----------------------------------+-----
Conjurations   | 2 3 5 9 10 | 10.2
Spellcasting   | 5 7 10 12 | 12.4
Fire Magic     | 5 7 9 13 | 13.4
Dodging        | 5 |  5.4
Stealth        | 4 |  4.1

Action                   |  1- 3 |  4- 6 |  7- 9 | 10-12 || total
-------------------------+-------+-------+-------+-------++-------
Melee: Dagger            |     1 |     1 |    19 |       ||    21
       Whip              |       |       |       |    57 ||    57
 Cast: Flame Tongue      |    71 |   144 |   274 |    44 ||   533
       Conjure Flame     |     1 |     2 |     8 |     4 ||    15
       Throw Flame       |       |     1 |    29 |   182 ||   212
       Sticky Flame      |       |     1 |    18 |    17 ||    36
       Iskenderun's Myst |       |       |    10 |     2 ||    12
       Fireball          |       |       |     5 |    18 ||    23
  Use: Scroll            |       |       |     6 |    12 ||    18
       Potion            |       |       |     5 |     3 ||     8
  Eat: Chunk             |     3 |     6 |     3 |    14 ||    26
       Meat ration       |       |       |     2 |       ||     2
       Fruit             |       |       |     5 |     3 ||     8
       Royal jelly       |       |       |     1 |       ||     1
Armor: Robe              |     2 |     2 |    36 |    13 ||    53
Dodge: Dodged            |    22 |    28 |   132 |    81 ||   263
